Map: Capullo de rosa EE

Players

NiXeuR - Winner!

  • Race: Protoss Protoss
  • Spawn Location: 11:00

Mechant - Winner!

  • Race: Zerg Zerg
  • Spawn Location: 11:00

MencolisQc - Winner!

  • Race: Terran Terran
  • Spawn Location: 11:00

MrFercho

  • Race: Zerg Zerg
  • League: Silver
  • Spawn Location: 5:00

tigro

  • Race: Terran Terran
  • League: Bronze
  • Spawn Location: 5:00

TATORREA

  • Race: Protoss Protoss
  • League: Silver
  • Spawn Location: 5:00

VOD

Have the link to the VOD?

Description

Time

  • Played on: May 21, 2020, 8:32 p.m.
  • Length: 9:21
Show
View Real Time Build Order
Export as new Build Order

NiXeuR Protoss - Winner!

Build Orders:  

Get SALT Encoding   

  12  0:02  Probe  
  13  0:14  Probe  
  14  0:26  Probe  
  15  0:31  Pylon  
  15  0:55  Probe (Chrono Boost)  
  17  1:04  Probe (Chrono Boost)  
  17  1:08  Nexus  
  17  1:09  Probe (Chrono Boost)  
  18  1:21  Probe  
  18  1:24  Gateway  
  19  1:33  Assimilator, Probe  
  19  1:37  Assimilator  
  20  1:45  Probe (Chrono Boost)  
  21  1:56  Probe (Chrono Boost)  
  22  2:01  Pylon, Probe (Chrono Boost)  
  23  2:18  Cybernetics Core  
  23  2:19  Probe (Chrono Boost)  
  23  2:21  Probe (Chrono Boost)  
  25  2:24  Pylon  
  25  2:27  Probe  
  26  2:33  Probe  
  27  2:39  Probe  
  28  2:45  Probe  
  28  2:49  Forge  
  29  2:51  Probe  
  29  2:57  Probe  
  31  2:59  Twilight Council  
  31  3:03  Stalker, Probe  
  31  3:04  Pylon  
  34  3:08  Warp Gate  
  34  3:27  Assimilator  
  34  3:31  Probe  
  34  3:32  Probe  
  34  3:34  Sentry, Assimilator  
  38  3:36  Charge  
  38  3:44  Probe x2  
  40  3:50  Gateway  
  40  3:54  Gateway  
  40  3:59  Probe x2  
  40  4:00  Stalker  
  44  4:05  Protoss Ground Weapons Level 1 (Chrono Boost)  
  44  4:11  Probe x2  
  46  4:31  Robotics Facility  
  46  4:36  Dark Shrine  
  46  4:41  Stalker x2  
  46  4:42  Stalker  
  52  5:11  Nexus  
  52  5:13  Pylon, Probe x2  
  54  5:16  Pylon  
  54  5:19  Observer  
  54  5:20  Pylon  
  55  5:25  Probe x2  
  57  5:37  Probe  
  57  5:41  Immortal, Probe  
  63  5:49  Probe  
  63  5:54  Probe  
  64  6:01  Probe  
  65  6:06  Protoss Ground Armor Level 1  
  65  6:28  Probe x3  
  68  6:38  Photon Cannon  
  68  6:40  Probe x3  
  71  7:08  Stalker x3  
  77  7:18  Gateway  
  77  7:20  Gateway, Immortal  
  81  7:22  Gateway  
  81  7:25  Gateway  
  81  7:27  Pylon  
  81  7:30  Pylon  
  81  7:32  Robotics Facility  
  81  7:33  Robotics Facility  
  81  7:35  Robotics Facility  
  81  7:39  Robotics Bay  
  81  7:40  Stalker  
  81  7:41  Stalker x2  
  81  7:42  Pylon  
  85  7:47  Pylon  
  85  8:46  Stalker x3  
  91  8:51  Stalker x3  
  91  8:52  Stalker  
Show
View Real Time Build Order
Export as new Build Order

Mechant Zerg - Winner!

Build Orders: Hatch First 

Get SALT Encoding   

  12  0:01  Drone  
  13  0:13  Overlord  
  13  0:18  Drone  
  14  0:27  Extractor, Drone  
  14  0:31  Drone  
  15  0:36  Drone  
  16  0:59  Hatchery  
  15  1:05  Drone x2  
  15  1:09  Drone  
  18  1:19  Overlord  
  18  1:35  Spawning Pool  
  18  1:37  Drone  
  18  1:43  Extractor  
  17  2:06  Hatchery  
  16  2:13  Drone x2  
  18  2:27  Lair  
  18  2:32  Drone  
  19  2:42  Drone  
  19  2:43  Drone  
  21  2:49  Drone  
  22  2:52  Drone  
  22  2:56  Drone  
  24  3:01  Drone  
  24  3:04  Drone  
  26  3:07  Drone  
  26  3:11  Drone  
  28  3:18  Drone  
  29  3:27  Spire  
  29  3:30  Drone  
  29  3:34  Extractor  
  29  3:37  Extractor  
  29  3:39  Queen  
  29  3:42  Drone  
  29  3:45  Drone  
  29  3:47  Drone  
  32  3:50  Drone  
  33  4:06  Overlord  
  33  4:09  Drone x2  
  36  4:10  Drone x3  
  38  4:21  Overlord  
  38  4:38  Mutalisk x3  
  38  4:39  Mutalisk  
  38  4:41  Mutalisk  
  48  4:47  Drone x2  
  48  4:48  Drone  
  48  4:50  Drone  
  52  4:53  Drone  
  53  5:02  Mutalisk x2  
  57  5:09  Overlord  
  57  5:10  Overlord  
  57  5:12  Drone  
  58  5:24  Overlord  
  56  6:08  Mutalisk x11  
  78  6:26  Infestation Pit  
  78  6:27  Zerg Flyer Weapons Level 1  
  77  6:33  Drone x5  
  77  6:38  Extractor  
  77  6:39  Drone  
  82  6:40  Extractor  
  82  6:41  Overlord x2  
  81  7:14  Mutalisk x5  
  91  7:17  Overlord x2  
  91  7:18  Overlord  
  91  7:58  Overlord x2  
  91  8:01  Drone x4  
  95  8:16  Hatchery  
  94  8:21  Mutalisk x8  
  110  8:54  Drone x4  
Show
View Real Time Build Order
Export as new Build Order

MencolisQc Terran - Winner!

Build Orders:  

Get SALT Encoding   

  12  0:09  SCV  
  13  0:18  Refinery  
  13  0:21  SCV  
  14  0:31  Supply Depot  
  14  0:36  Refinery  
  14  0:39  SCV  
  15  0:53  SCV  
  16  1:05  SCV  
  16  1:08  Barracks  
  17  1:17  SCV  
  18  1:26  Supply Depot  
  18  1:29  SCV  
  19  1:41  SCV  
  20  1:52  Engineering Bay  
  20  1:53  SCV  
  22  2:10  Orbital Command  
  21  2:22  Factory  
  21  2:52  SCV  
  22  3:01  Command Center  
  22  3:04  SCV  
  23  3:11  Armory  
  23  3:13  Factory Tech Lab  
  23  3:27  SCV  
  24  3:39  SCV  
  25  3:43  Siege Tank  
  28  4:01  Supply Depot  
  28  4:06  SCV  
  29  4:15  Siege Tank  
  33  4:17  SCV  
  33  4:18  SCV  
  33  4:20  Refinery  
  33  4:23  Refinery  
  34  4:29  SCV  
  35  4:32  Terran Vehicle Weapons Level 1  
  35  4:41  SCV  
  35  4:43  Factory  
  36  4:47  Siege Tank  
  39  4:53  SCV  
  40  5:05  SCV  
  41  5:19  Orbital Command  
  41  5:30  Supply Depot  
  41  5:32  Factory Tech Lab  
  41  5:39  Siege Tank  
  44  6:06  Thor  
  50  6:11  Siege Tank  
  50  6:14  Supply Depot  
  53  6:26  Terran Vehicle And Ship Armor Level 1  
  53  6:38  Missile Turret  
  53  6:44  Siege Tank  
  56  6:50  Missile Turret  
  56  7:13  Thor  
  62  7:15  Thor  
  68  7:29  SCV  
  69  7:33  SCV  
  70  7:39  Supply Depot  
  70  7:57  Smart Servos  
  70  8:00  Thor, SCV  
  70  8:01  Supply Depot  
  77  8:12  SCV  
  78  8:22  Thor  
Show
View Real Time Build Order
Export as new Build Order

MrFercho Zerg 

Build Orders: Hatch First 

Get SALT Encoding   

  12  0:02  Drone  
  13  0:12  Drone  
  14  0:27  Overlord  
  14  0:56  Drone x2  
  17  0:57  Drone  
  17  1:16  Hatchery  
  17  1:18  Drone  
  17  1:27  Drone  
  18  1:35  Extractor, Drone  
  18  1:48  Drone  
  18  1:51  Overlord  
  19  2:01  Spawning Pool  
  18  2:05  Hatchery, Drone  
  18  2:13  Drone  
  19  2:23  Drone  
  20  2:33  Drone  
  20  2:36  Drone  
  22  2:39  Drone  
  23  2:44  Drone  
  23  2:50  Queen  
  26  2:53  Metabolic Boost  
  26  2:56  Drone  
  27  3:11  Drone  
  28  3:30  Drone x2  
  28  3:32  Drone x3  
  34  3:34  Drone x2  
  35  3:48  Burrow  
  35  3:51  Drone  
  35  3:54  Drone  
  35  3:55  Drone  
  38  3:56  Drone  
  38  4:00  Drone x3  
  42  4:08  Overlord  
  42  4:11  Overlord x2  
  42  4:26  Overlord x2, Queen  
  44  4:35  Drone x2  
  46  4:54  Evolution Chamber  
  46  4:57  Evolution Chamber  
  46  4:59  Extractor  
  43  5:05  Baneling Nest  
  42  5:11  Hatchery  
  42  5:13  Drone x3  
  44  5:27  Queen  
  46  5:28  Drone x2  
  46  5:29  Drone  
  49  5:36  Lair  
  49  5:42  Zerg Melee Weapons Level 1  
  49  6:06  Zergling x16  
  57  6:30  Zerg Ground Armor Level 1  
  57  6:34  Centrifical Hooks  
  57  6:43  Drone x3  
  60  6:48  Extractor  
  60  6:52  Drone  
  60  6:53  Extractor, Drone x2  
  60  6:54  Extractor  
  60  6:55  Extractor  
  56  7:02  Baneling x12  
  56  7:03  Baneling x2  
  25  7:52  Drone x3  
  28  8:03  Hatchery  
  26  8:09  Hatchery  
  23  8:20  Spire  
  23  8:25  Queen  
Show
View Real Time Build Order
Export as new Build Order

tigro Terran 

Build Orders:  

Get SALT Encoding   

  12  0:03  SCV  
  13  0:15  SCV  
  14  0:21  Supply Depot  
  14  0:27  SCV  
  15  0:32  Refinery  
  15  0:43  SCV  
  16  0:55  SCV  
  17  0:57  Barracks  
  17  1:07  SCV  
  18  1:19  SCV  
  18  1:23  Supply Depot  
  19  1:28  Refinery  
  19  1:31  SCV  
  20  1:43  SCV  
  20  1:46  Marine  
  22  1:55  SCV  
  23  2:04  Marine  
  23  2:08  SCV  
  25  2:16  Barracks  
  25  2:21  Marine  
  26  2:27  Orbital Command  
  26  2:37  Engineering Bay  
  26  2:39  Marine  
  27  2:57  Marine  
  27  2:58  SCV  
  29  3:11  Barracks Tech Lab  
  29  3:33  Factory  
  29  3:45  Terran Infantry Weapons Level 1  
  29  3:47  Barracks Tech Lab  
  29  3:48  Command Center  
  29  3:49  Combat Shield  
  29  3:52  Marauder  
  31  4:12  Stimpack  
  31  4:13  Marauder  
  33  4:18  Factory Tech Lab  
  33  4:26  Starport  
  33  4:29  Marine  
  34  4:47  Marine  
  35  5:03  Refinery  
  35  5:05  Marine  
  36  5:08  Concussive Shells  
  36  5:10  Missile Turret  
  36  5:24  Siege Tank  
  36  5:27  Starport Tech Lab  
  39  5:31  Missile Turret  
  38  5:39  Terran Infantry Armor Level 1  
  28  6:10  SCV  
  29  6:22  SCV  
  29  6:25  Orbital Command, Missile Turret  
  30  6:35  SCV  
  32  6:47  Refinery, SCV  
  32  6:59  Missile Turret, SCV  
Show
View Real Time Build Order
Export as new Build Order

TATORREA Protoss 

Build Orders:  

Get SALT Encoding   

  12  0:01  Probe  
  13  0:23  Probe  
  14  0:31  Pylon  
  14  0:35  Probe  
  15  0:49  Probe  
  16  1:06  Probe  
  16  1:10  Gateway  
  17  1:14  Gateway  
  17  1:15  Assimilator  
  17  1:19  Probe  
  18  1:27  Assimilator  
  18  1:31  Probe  
  19  1:45  Probe  
  19  1:47  Pylon  
  20  1:57  Probe  
  21  2:13  Probe  
  22  2:18  Cybernetics Core  
  22  2:20  Forge  
  22  2:44  Nexus  
  22  2:46  Pylon  
  22  2:50  Probe  
  23  2:56  Stalker  
  25  3:00  Stalker  
  25  3:05  Warp Gate  
  27  3:10  Protoss Ground Weapons Level 1  
  27  3:15  Probe  
  28  3:28  Probe  
  29  3:36  Stargate  
  29  3:41  Probe  
  30  3:54  Probe, Stargate  
  31  3:56  Probe  
  32  4:08  Twilight Council  
  32  4:11  Pylon, Probe  
  32  4:14  Pylon, Probe  
  34  4:25  Probe  
  34  4:26  Probe  
  36  4:37  Probe  
  37  4:38  Probe  
  37  4:41  Oracle  
  37  4:45  Oracle  
  44  4:57  Pylon  
  44  5:01  Probe x2  
  44  5:03  Pylon  
  46  5:09  Pylon  
  46  5:13  Assimilator, Probe  
  46  5:14  Pylon, Probe  
  48  5:16  Assimilator  
  48  5:25  Probe  
  48  5:26  Probe  
  50  5:31  Protoss Air Weapons Level 1  
  50  5:42  Protoss Ground Weapons Level 2  
  50  5:45  Probe x2  
  52  6:18  Probe x2  
  48  6:26  Stalker  
  48  6:27  Stalker  
  48  6:30  Void Ray  
  48  6:31  Void Ray  
  60  6:40  Robotics Facility  
  60  6:59  Gateway  
  60  7:02  Gateway  
  60  7:04  Gateway  
  60  7:08  Gateway, Stalker  
  60  7:09  Gateway, Stalker  
  60  7:13  Void Ray  
  60  7:14  Void Ray  
  72  7:21  Gateway  
  72  7:22  Gateway  
  72  7:23  Fleet Beacon  
  72  7:35  Robotics Bay  
  72  7:39  Immortal  
  76  7:59  Void Ray x2  
  84  8:25  Nexus  
  84  8:28  Stalker  
  84  8:29  Stalker x3  
  84  8:30  Stalker  
  84  8:31  Stalker x2  
  84  8:32  Stalker  
  84  8:33  Stalker  
  102  8:55  Pylon  
  102  8:58  Pylon  
  102  9:01  Pylon  
  101  9:04  Pylon  
  101  9:08  Pylon  
  93  9:13  Pylon  
  93  9:14  Pylon  
Tags
 
Add a new tag
Caveats
  • Supply blocks, unpowered buildings, or Contaminate may cause inaccurate times.
  • Supply counts are checked every 10 seconds.